 Dungeon Crawl Stone Soup version 0.31-a0-232-gb1c03b2570 (webtiles) character file.

Game seed: 2306317402793393912

6921 Querens the Blocker (level 11, -8/90 HPs)
             Began as a Formicid Fighter on July 7, 2023.
             Was a Follower of Okawaru.
             Killed from afar by an acid dragon (15 damage)
             ... with a splash of acid
             ... on level 9 of the Dungeon.
             The game lasted 00:23:00 (4954 turns).

Querens the Blocker (Formicid Fighter)              Turns: 4954, Time: 00:23:00

Health: -8/90      AC: 15    Str: 26      XL:     11   Next: 27%
Magic:  11/11      EV:  7    Int:  6 (7)  God:    Okawaru [*.....]
Gold:   111        SH:  7    Dex: 13      Spells: 10/10 levels left

rFire   . . .        E - +0 broad axe
rCold   . . .        c - +0 buckler
rNeg    . . .        z - +0 plate armour
rPois   +            (helmet unavailable)
rElec   .            (no cloak)
rCorr   .            C - +0 pair of gloves
SInv    +            (no boots)
Will    +....        (no amulet) Stlth
                     l - +4 ring of protection
HPRegen 0.35/turn    w - ring of poison resistance
MPRegen 0.12/turn

%: no passive effects
@: corroded
A: permanent stasis, dig shafts and tunnels, antennae 3, four strong arms,
deterioration 1
a: Dig, Shaft Self, Renounce Religion, Heroism


You were on level 9 of the Dungeon.
You worshipped Okawaru.
Okawaru was aware of your devotion.
You visited 2 branches of the dungeon, and saw 10 of its levels.

You collected 479 gold pieces.
You spent 368 gold pieces at shops.

Inventory:

Hand Weapons
 m - the +1 hand axe of Plague {flame, Dex+5}
   (You found it on level 6 of the Dungeon)

   Dex:       It affects your dexterity (+5).
 E - a +0 broad axe (weapon)
Missiles
 y - 6 curare-tipped darts
Armour
 c - a +0 buckler (worn)
 g - the +1 leather armour of Modesty {rElec Int+3 Dex+5}
   (You found it on level 6 of the Dungeon)

   Int:       It affects your intelligence (+3).
   Dex:       It affects your dexterity (+5).
   rElec:     It insulates you from electricity.
 t - the +0 ring mail of Crawling {Rampage rElec rC- Slay+5}
   (You found it on level 6 of the Dungeon)

   Slay:      It affects your accuracy & damage with ranged weapons and melee
   (+5).
   rC:        It makes you vulnerable to cold.
   rElec:     It insulates you from electricity.
   Rampage:   It bestows one free step when moving towards enemies.
 z - a +0 plate armour (worn)
 C - a +0 pair of gloves (worn)
Jewellery
 l - a +4 ring of protection (left hand)
 r - a ring of willpower
 w - a ring of poison resistance (right hand)
 x - a ring of protection from fire
Wands
 f - a wand of charming (3)
 h - a wand of digging (2)
Scrolls
 d - 2 scrolls of enchant armour {unknown}
 i - 4 scrolls of immolation
 n - 3 scrolls of fog
 o - a scroll of enchant weapon {unknown}
 p - a scroll of poison {unknown}
 q - a scroll of amnesia {unknown}
 s - a scroll of noise {unknown}
 B - a scroll of butterflies {unknown}
 F - a scroll of revelation {unknown}
Potions
 a - a potion of lignification
 b - a potion of magic
 e - 2 potions of mutation
 j - a potion of enlightenment
 k - 2 potions of brilliance
 v - 2 potions of invisibility {unknown}
 A - 9 potions of curing
 D - 2 potions of might


   Skills:
 + Level 9.7 Fighting
 + Level 8.6 Axes
 + Level 9.7 Armour
 + Level 11.6 Shields


You had 10 spell levels left.
You didn't know any spells.
Your spell library contained the following spells:

 Spells                   Type           Power      Damage    Failure   Level
 Beastly Appendage        Tmut           0%         N/A       99%         1
 Kiss of Death            Conj/Necr      0%         2d5       99%         1
 Magic Dart               Conj           0%         1d3       99%         1
 Necrotise                Necr           0%         1d4       99%         1
 Shock                    Conj/Air       0%         1d3       99%         1
 Scorch                   Fire           0%         2d5       100%        2
 Searing Ray              Conj           0%         2d4       100%        2
 Wereblood                Tmut           0%         N/A       100%        2
 Confusing Touch          Hex            0%         N/A       100%        3
 Ignite Poison            Fire/Tmut/Pois 0%         N/A       100%        3
 Spider Form              Tmut/Pois      0%         N/A       100%        3
 Stone Arrow              Conj/Erth      0%         3d7       100%        3
 Vampiric Draining        Necr           0%         2d6       100%        3
 Airstrike                Air            0%         2d(0-16)  100%        4
 Dispel Undead            Necr           0%         3d6       100%        4
 Flame Wave               Conj/Fire      0%         2d4       100%        4
 Fulminant Prism          Conj/Hex       0%         3d5       100%        4
 Ice Form                 Ice/Tmut       0%         N/A       100%        4
 Agony                    Necr           0%         N/A       100%        5
 Summon Small Mammal      Summ           Unusable   N/A       N/A         1
 Call Canine Familiar     Summ           Unusable   N/A       N/A         3
 Summon Guardian Golem    Hex/Summ       Unusable   N/A       N/A         3
 Swiftness                Air            Unusable   N/A       N/A         3
 Summon Cactus Giant      Summ           Unusable   N/A       N/A         6

Dungeon Overview and Level Annotations

Branches:
Dungeon (9/15)             Temple (1/1) D:4            Lair (0/5) D:8
    Orc: D:9-12

Altars:
Ashenzari
Cheibriados
Dithmenos
Elyvilon
Fedhas
Gozag
Hepliaklqana
Kikubaaqudgha
Makhleb
Nemelex Xobeh
Okawaru
Qazlal
Ru
Sif Muna
Trog
Uskayaw
Vehumet
Wu Jian
Xom
Yredelemnul
Zin
The Shining One

Shops:
D:7 (


Innate Abilities, Weirdness & Mutations

You cannot be hasted, slowed, berserked, paralysed or teleported.
You can dig through walls and to a lower floor.
You have a pair of large antennae on your head. (SInv)
Your four strong arms can wield two-handed weapons with a shield.
Your body sometimes deteriorates upon taking damage.


Message History

The acid dragon claws you but does no damage.
Unknown command.
Unknown command.
You barely miss the acid dragon.
The acid dragon is heavily wounded.
The acid dragon bites you.
* * * LOW HITPOINT WARNING * * *
The acid dragon claws you but does no damage.
Unknown command.
Unknown command.
You feel much better. You block the acid dragon's attack.
The acid dragon claws you but does no damage.
You barely miss the acid dragon.
The acid dragon is heavily wounded.
The acid dragon spits acid at you. The splash of acid hits you.
The acid dragon spits acid at you. The splash of acid hits you!
* * * LOW HITPOINT WARNING * * *
You barely miss the acid dragon.
The acid dragon is heavily wounded.
The acid dragon closely misses you. x2
You hit the acid dragon.
The acid dragon is severely wounded.
The acid dragon bites you!
* * * LOW HITPOINT WARNING * * *
The acid dragon closely misses you.
You barely miss the acid dragon.
The acid dragon is severely wounded.
The acid dragon bites you.
* * * LOW HITPOINT WARNING * * *
The acid dragon claws you but does no damage.
You barely miss the acid dragon.
The acid dragon is severely wounded.
You block the acid dragon's attack. x2
You closely miss the acid dragon.
The acid dragon is severely wounded.
The acid dragon spits acid at you. The splash of acid hits you!
You die...

#...# #...# #...# # #...#
..############ #...######
.............# #.........
............)#######.........
............D@......<†.......
..........##########.........
.....###### #......... ....
#.....### ## #.....# #.....#
#.....# #...### #####


You could see an acid dragon (catching breath).

Vanquished Creatures
  2 two-headed ogres (D:8)
  Erica (D:8)
  A troll (D:8)
  Sigmund (D:6)
  A wyvern (D:5)
  8 yaks
  2 humans (D:8)
  Duvessa (D:6)
  2 black bears
  2 orc warriors
  2 sky beasts (D:7)
  3 wolves (D:8)
  3 ogres
  2 phantoms (D:5)
  2 centaurs
  A kobold brigand (D:8)
  A bullfrog (D:7)
  5 wights
  Dowan (D:6)
  5 killer bees (D:9)
  5 electric eels (D:8)
  A howler monkey (D:5)
  6 hounds
  2 jellies
  3 orc priests
  A gnoll bouda (D:8)
  5 orc wizards
  3 iguanas
  An adder (D:2)
  10 gnolls
  2 shadow imps (D:7)
  2 white imps (D:8)
  A worm (D:2)
  A dart slug (D:4)
  21 orcs
  6 ball pythons
  6 endoplasms
  7 giant cockroaches
  2 goblins
  8 hobgoblins
  A jackal (D:1)
  12 kobolds
  2 quokkas
  3 bats
  5 frilled lizards
  5 rats
167 creatures vanquished.

Vanquished Creatures (collateral kills)
  An ogre (D:6)
  A hound (D:8)
  An iguana (D:6)
  An orc wizard (D:6)
  An orc (D:6)
5 creatures vanquished.

Vanquished Creatures (others)
  A wolf (D:8)
  An orc wizard (D:6)
  A gnoll (D:8)
3 creatures vanquished.

Grand Total: 175 creatures vanquished

Notes
Turn   | Place    | Note
-------+----------+-------------------------------------------
     0 | D:1      | Querens the Formicid Fighter began the quest for the Orb.
     0 | D:1      | Reached XP level 1. HP: 18/18 MP: 1/1
   156 | D:1      | Reached XP level 2. HP: 24/24 MP: 2/2
   623 | D:2      | Reached XP level 3. HP: 13/29 MP: 3/3
  1150 | D:3      | Reached XP level 4. HP: 37/37 MP: 4/4
  1465 | D:3      | Got the Vellum of the Heavy Gestalt
  1673 | D:4      | Found a staircase to the Ecumenical Temple.
  1682 | Temple   | Entered the Ecumenical Temple
  2086 | D:4      | Reached XP level 5. HP: 42/42 MP: 5/5
  2260 | D:4      | Reached skill level 5 in Shields
  2506 | D:4      | Noticed an ogre
  2513 | D:4      | Killed an ogre
  2514 | D:4      | Reached XP level 6. HP: 49/49 MP: 6/6
  2600 | D:5      | Entered Level 5 of the Dungeon
  2690 | D:5      | Noticed an ogre
  2700 | D:5      | Killed an ogre
  2701 | D:5      | Reached skill level 6 in Shields
  2701 | D:5      | Reached XP level 7. HP: 40/55 MP: 7/7
  2765 | D:5      | Noticed a yak
  2796 | D:5      | Noticed a yak
  2797 | D:5      | Noticed a yak
  2806 | D:5      | Noticed a wyvern
  2816 | D:5      | HP: 2/55 [yak (8)]
  2819 | D:5      | Gained mutation: Your body sometimes deteriorates upon
                  | taking damage. [potion of mutation]
  2829 | D:5      | Killed a yak
  2830 | D:5      | Reached skill level 5 in Fighting
  2830 | D:5      | Reached skill level 5 in Armour
  2833 | D:5      | Killed a wyvern
  2838 | D:5      | Killed a yak
  2839 | D:5      | Reached XP level 8. HP: 23/64 MP: 8/8
  2839 | D:5      | Killed a yak
  2840 | D:5      | Reached skill level 7 in Shields
  3001 | D:5      | Reached skill level 5 in Axes
  3301 | D:6      | Identified the +1 leather armour of Modesty {rElec Int+3
                  | Dex+5}
  3308 | D:6      | Reached XP level 9. HP: 64/71 MP: 9/9
  3329 | D:6      | Reached skill level 8 in Shields
  3354 | D:6      | Identified the +0 ring mail of Crawling {Rampage rElec rC-
                  | Slay+5}
  3439 | D:6      | Noticed Duvessa
  3440 | D:6      | Noticed Dowan
  3441 | D:6      | Noticed Sigmund
  3455 | D:6      | Killed Sigmund
  3456 | D:6      | Killed Duvessa
  3464 | D:6      | Killed Dowan
  3566 | D:6      | Identified the +1 hand axe of Plague {flame, Dex+5}
  3845 | D:7      | Found Unid's Distillery.
  3894 | D:7      | Found Udghic's Weapon Boutique.
  3900 | D:7      | Reached skill level 9 in Shields
  3907 | D:7      | Bought a +0 broad axe for 56 gold pieces
  4019 | D:7      | Bought a potion of curing for 39 gold pieces
  4019 | D:7      | Bought a potion of curing for 39 gold pieces
  4019 | D:7      | Bought a potion of curing for 39 gold pieces
  4019 | D:7      | Bought a potion of curing for 39 gold pieces
  4019 | D:7      | Bought a potion of might for 52 gold pieces
  4019 | D:7      | Bought a potion of heal wounds for 65 gold pieces
  4019 | D:7      | Bought a potion of lignification for 39 gold pieces
  4030 | D:8      | Noticed a two-headed ogre
  4059 | D:8      | Noticed a two-headed ogre
  4068 | D:8      | Killed a two-headed ogre
  4068 | D:8      | Noticed a troll
  4069 | D:8      | Reached XP level 10. HP: 80/80 MP: 10/10
  4190 | D:8      | Noticed Erica
  4204 | D:8      | Reached skill level 10 in Shields
  4213 | D:8      | Killed Erica
  4435 | D:8      | Killed a two-headed ogre
  4523 | D:8      | Found a staircase to the Lair.
  4608 | D:8      | Reached skill level 11 in Shields
  4608 | D:8      | Reached XP level 11. HP: 57/89 MP: 11/11
  4621 | D:8      | Found an iron altar of Okawaru.
  4633 | D:8      | Found a burning altar of Makhleb.
  4640 | D:8      | Became a worshipper of Warmaster Okawaru
  4649 | D:8      | Found a glowing golden altar of the Shining One.
  4665 | D:8      | Found a bloodstained altar of Trog.
  4666 | D:8      | Found a basalt altar of Yredelemnul.
  4670 | D:8      | Found a glowing silver altar of Zin.
  4671 | D:8      | Found a broken altar of Ashenzari.
  4937 | D:9      | Reached * piety under Okawaru
  4954 | D:9      | Killed from afar by an acid dragon

Illustrated notes

Levels and vault maps discovered:
D:1:      lightli_arrival_statuegarden, layout_basic, minmay_pentomino_p2
D:2:      layout_loops_ring, fountainhead, minmay_three_crescents
D:3:      layout_basic
D:4:      layout_gridville, minmay_temple_entry_enclosed_plants, corner_web_ring
D:5:      layout_loops_ring
D:6:      layout_cave_pools, corexii_shack, uniq_sigmund, uniq_duvessa
D:7:      layout_gridville, serial_shops, nicolae_diamond_shop,
          nicolae_shop_tiny_statue_garden, kennysheep_generic_room_10
D:8:      layout_rooms, minitemple, okawaru_humans, erik_lair_island, uniq_erica
D:9:      layout_irregular_city, enter_bailey_5, minivault_21,
          nicolae_diode_basic, uniq_harold
Temple:   bh_familiar_temple

Skill      XL: |  1  2  3  4  5  6  7  8  9 10 |
---------------+-------------------------------+-----
Fighting       | 4 5 6 8 9 |  9.7
Armour         | 4 5 6 8 9 |  9.7
Shields        | 5 6 7 9 11 | 11.6
Axes           | 3 4 5 6 8 |  8.6

Action                     |  1- 3 |  4- 6 |  7- 9 | 10-12 || total
---------------------------+-------+-------+-------+-------++-------
  Melee: War axe           |    79 |    97 |   120 |       ||   296
         Broad axe         |       |       |     4 |   192 ||   196
  Throw: Dart              |       |       |       |     2 ||     2
Ability: Dig               |       |     1 |       |       ||     1
  Evoke: Wand              |       |     3 |    21 |     8 ||    32
    Use: Potion            |       |     1 |     9 |     4 ||    14
         Scroll            |       |       |     7 |       ||     7
 Armour: Scale mail        |    44 |    56 |    30 |       ||   130
         Skin              |       |       |    10 |       ||    10
         Plate armour      |       |       |    49 |   148 ||   197
  Dodge: Dodged            |    38 |    49 |    43 |    66 ||   196
  Block: Buckler           |    22 |    25 |    42 |    86 ||   175

Table legend: (Time is in decaauts)
 A = Elapsed time spent in this place.
 B = Non-inter-level travel time spent in this place.
 C = Inter-level travel time spent in this place.
 D = Time resting spent in this place.
 E = Time spent auto-exploring this place.
 F = Levels seen in this place.
 G = Mean time per level.
                   A        B        C        D        E       F      G
               +--------+--------+--------+--------+--------+-----+--------+
         Total |   5102 |   4660 |    442 |     21 |      0 |  10 |  510.2 |
       Dungeon |   4885 |   4469 |    416 |     21 |      0 |   9 |  542.8 |
        Temple |    216 |    190 |     26 |      0 |      0 |   1 |  216.0 |
               +--------+--------+--------+--------+--------+-----+--------+

Top non-repeatable levels by time:
     D:4: 761 daAuts
     D:8: 726 daAuts
     D:5: 640 daAuts
     D:1: 620 daAuts
     D:2: 556 daAuts
     D:7: 547 daAuts
     D:3: 504 daAuts
     D:6: 447 daAuts
  Temple: 216 daAuts
     D:9: 81 daAuts
